 Dungeon Crawl Stone Soup version 0.25-a0-443-gece2dee8bd (webtiles) character file.

Game seed: 14531372135968897589, levelgen mode: deterministic

1496 Elellon the Thaumaturge (level 8, -7/41 HPs)
             Began as a Deep Elf Conjurer on Jan 30, 2020.
             Was a Follower of Vehumet.
             Mangled by a bullfrog (9 damage)
             ... on level 6 of the Dungeon.
             The game lasted 00:09:34 (6238 turns).

Elellon the Thaumaturge (Deep Elf Conjurer)         Turns: 6238, Time: 00:09:35

Health: -7/41      AC:  3    Str:  7    XL:     8   Next: 51%
Magic:  23/33      EV: 13    Int: 23    God:    Vehumet [*.....]
Gold:   268        SH:  0    Dex: 15    Spells: 24/27 levels left

rFire    . . .     SeeInvis .   p - +4 quarterstaff (chaos)
rCold    . . .     Gourm    .   (shield currently unavailable)
rNeg     . . .     Faith    .   a - +0 robe
rPois    .         Spirit   .   (no helmet)
rElec    .         Reflect  .   o - +0 cloak
rCorr    .         Harm     .   (no gloves)
MR       .....                  (no boots)
Stlth    ++........             (no amulet)
HPRegen  0.13/turn              i - ring of magical power
MPRegen  0.23/turn              d - +2 ring of intelligence

@: no status effects
A: no striking features
a: Renounce Religion


You were on level 6 of the Dungeon.
You worshipped Vehumet.
Vehumet was aware of your devotion.
You were not hungry.

You visited 2 branches of the dungeon, and saw 7 of its levels.

You collected 268 gold pieces.

Inventory:

Hand Weapons
 p - a +4 quarterstaff of chaos (weapon)
Missiles
 w - 21 poisoned darts (quivered)
Armour
 a - a +0 robe (worn)
 o - a +0 cloak (worn)
Jewellery
 d - a +2 ring of intelligence (right hand)
 i - a ring of magical power (left hand)
 j - an uncursed ring of poison resistance
 s - an uncursed ring of resist corrosion
Scrolls
 e - 3 scrolls of identify
 f - a scroll of enchant weapon
 v - a scroll of remove curse {unknown}
Potions
 b - 2 potions of curing {unknown}
 g - 2 potions of brilliance {unknown}
 h - a potion of haste {unknown}
 l - 3 potions of heal wounds {unknown}
 t - a potion of magic {unknown}
Comestibles
 c - 8 rations
 k - 9 chunks of flesh


   Skills:
 - Level 2.7 Dodging
 - Level 2.8 Stealth
 + Level 10.1 Spellcasting
 + Level 9.3 Conjurations


You had 24 spell levels left.
You knew the following spells:

 Your Spells              Type           Power        Failure   Level  Hunger
a - Magic Dart            Conj           ####         1%          1    None
b - Searing Ray           Conj           ######       1%          2    None

Your spell library contained the following spells:

 Spells                   Type           Power        Failure   Level  Hunger
 Foxfire                  Conj/Fire      ####         1%          1    None
 Dazzling Flash           Conj/Hex       ####..       2%          3    None
 Fulminant Prism          Conj/Hex       ####......   9%          4    #......
 Iskenderun's Mystic Bla  Conj/Tloc      ####....     9%          4    #......


Dungeon Overview and Level Annotations

Branches:
Dungeon (6/15)             Temple (1/1) D:4

Altars:
Ashenzari
Dithmenos
Qazlal
Ru
Trog
Vehumet
The Shining One


Message History

The searing ray hits the orc warrior.
The orc warrior is severely wounded.
The searing ray hits the orc!
You kill the orc!
Vehumet accepts your kill.
You can now gain magical power from killing.
Vehumet offers you knowledge of Foxfire.
The orc warrior hits you with a +0 war axe.
The bullfrog snags a nearby spider with its tongue.
The searing ray hits the orc warrior!
The orc warrior is almost dead.
The orc warrior hits you with a +0 war axe!!
* * * LOW HITPOINT WARNING * * *
The searing ray hits the orc warrior.
You kill the orc warrior!
Vehumet accepts your kill.
Your Spellcasting skill increases to level 10!
You finish channeling your searing ray.
The bullfrog hits you!
You die...

#...# #.#.....# #..
#...# #.......# #.# #...
#.##..######.# #...
#.##..##...#.# ... #.###
#..........)). ..(.
#...####......#...###
...#####......####.#####
.##...#.....##.####.#
......#..ยง@......##.#
....#.....F.##.#.##.#
.....$......##)#.##.#
....).)......... ...#
...........##.##.##.#
...##...#### ..... ##
#>.... #..#..# #..... .#
.# #.(...# .


You could see a bullfrog.

Vanquished Creatures
  Eustachio (D:5)
  An orc warrior (D:6)
  3 ice beasts (D:5)
  A sky beast (D:5)
  An ogre (D:6)
  2 bullfrogs (D:6)
  A scorpion (D:5)
  A crimson imp (D:5)
  Crazy Yiuf (D:2)
  A gnoll shaman (D:5)
  A hound (D:5)
  3 orc priests
  4 orc wizards
  3 worker ants
  4 gnolls (D:5)
  5 adders
  3 shadow imps
  3 oozes
  5 worms
  4 leopard geckos
  19 orcs
  8 bats
  4 giant cockroaches
  6 goblins
  10 hobgoblins
  3 jackals (D:1)
  3 quokkas
  3 ball pythons
  4 frilled lizards
  A jackal skeleton (D:4)
  9 kobolds
  A quokka skeleton (D:4)
  11 rats
130 creatures vanquished.

Notes
Turn   | Place    | Note
-------+----------+-------------------------------------------
     0 | D:1      | Elellon the Deep Elf Conjurer began the quest for the Orb.
     0 | D:1      | Reached XP level 1. HP: 10/10 MP: 6/6
   289 | D:1      | Reached XP level 2. HP: 15/15 MP: 4/8
   354 | D:1      | Learned a level 2 spell: Searing Ray
   958 | D:1      | Reached XP level 3. HP: 19/19 MP: 7/10
  1260 | D:2      | Reached skill level 4 in Spellcasting
  1260 | D:2      | Reached skill level 5 in Conjurations
  1780 | D:2      | Found a runed translucent door.
  1781 | D:2      | Noticed Crazy Yiuf
  1925 | D:2      | Reached XP level 4. HP: 24/24 MP: 10/12
  2109 | D:2      | Killed Crazy Yiuf
  2316 | D:3      | Reached skill level 5 in Spellcasting
  2784 | D:3      | Reached XP level 5. HP: 28/28 MP: 11/14
  3093 | D:3      | Reached skill level 6 in Spellcasting
  3447 | D:3      | Reached XP level 6. HP: 23/32 MP: 5/17
  3897 | D:4      | Found a staircase to the Ecumenical Temple.
  3906 | Temple   | Entered the Ecumenical Temple
  3972 | Temple   | Became a worshipper of Vehumet
  4142 | D:4      | Found a shattered altar of Ashenzari.
  4245 | D:4      | Found a bloodstained altar of Trog.
  4782 | D:5      | Entered Level 5 of the Dungeon
  4782 | D:5      | Noticed Eustachio
  4797 | D:5      | Killed Eustachio
  4797 | D:5      | Reached skill level 7 in Spellcasting
  4797 | D:5      | Reached XP level 7. HP: 25/36 MP: 10/20
  5166 | D:5      | Reached skill level 8 in Spellcasting
  5563 | D:5      | Reached skill level 9 in Spellcasting
  5563 | D:5      | Reached XP level 8. HP: 18/41 MP: 23/23
  5741 | D:5      | Found a stormy altar of Qazlal.
  6144 | D:6      | Found a shadowy altar of Dithmenos.
  6233 | D:6      | Reached * piety under Vehumet
  6233 | D:6      | Offered knowledge of Foxfire by Vehumet.
  6234 | D:6      | HP: 1/41 [orc warrior/+0 war axe (20)]
  6235 | D:6      | Reached skill level 10 in Spellcasting
  6238 | D:6      | Mangled by a bullfrog

Levels and vault maps discovered:
D:1:      lightli_arrival_maybe_door_vault, layout_loops_ring
D:2:      layout_loops_cross, minmay_misc_feat_five, chequers_garden,
          uniq_crazy_yiuf_cottage
D:3:      layout_rooms, serial_forest, infiniplex_forest_lined_2,
          infiniplex_forest_zigzag_2, infiniplex_forest_lined_corner,
          infiniplex_forest_straight_4, infiniplex_forest_corner_1,
          infiniplex_forest_lined_2
D:4:      layout_basic, ashenzari_conservatory_becter,
          minmay_temple_entry_butterflies, trog_three_pillars_becter
D:5:      layout_rooms, marbit_many_paths, first_ration, uniq_eustachio
D:6:      layout_loops_cross, gammafunk_temple_overflow_statue, basic_altar,
          grunt_dithmenos_smoke, uniq_blork_the_orc
Temple:   regret_index_temple_generic_petals

Skill      XL: |  1  2  3  4  5  6  7  8 |
---------------+-------------------------+-----
Spellcasting   | 4 5 6 7 9 10 | 10.1
Conjurations   | 5 6 7 8 9 |  9.3
Dodging        | |  2.7
Stealth        | |  2.8

Action                   |  1- 3 |  4- 6 |  7- 9 || total
-------------------------+-------+-------+-------++-------
Melee: Quarterstaff      |       |     1 |       ||     1
 Cast: Magic Dart        |    76 |   114 |    47 ||   237
       Searing Ray       |       |    19 |    20 ||    39
  Use: Scroll            |       |    10 |       ||    10
  Eat: Chunk             |     3 |     8 |     5 ||    16
Armor: Robe              |       |     1 |     4 ||     5
Dodge: Dodged            |     6 |    18 |     3 ||    27

Table legend:
 A = Non-vault XP
 B = Vault XP
 C = Vault XP percentage of total XP
 D = Non-vault monster count
 E = Vault monster count
 F = Vault count percentage of total count
                 A         B        C        D         E       F
            +---------+---------+-------+---------+---------+-------
      Total |    1902 |     236 |  11.0 |     127 |       3 |   2.3
            +---------+---------+-------+---------+---------+-------
        D:1 |      46 |       0 |   0.0 |      25 |       0 |   0.0
        D:2 |      61 |      42 |  40.8 |      21 |       1 |   4.5
        D:3 |     298 |       0 |   0.0 |      41 |       0 |   0.0
        D:4 |     107 |       0 |   0.0 |      11 |       0 |   0.0
        D:5 |     895 |     194 |  17.8 |      20 |       2 |   9.1
        D:6 |     495 |       0 |   0.0 |       9 |       0 |   0.0
            +---------+---------+-------+---------+---------+-------
